 Dungeon Crawl Stone Soup version 0.26-a0-597-gb535b0901c (webtiles) character file.

Game seed: 8600164202598060487

(classic levelgen) 365 EnegeticOcto the Chopper (level 6, -2/57 HPs)
             Began as a Deep Dwarf Fighter on Aug 26, 2020.
             Splashed by Ijyb's acid (13 damage)
             ... on level 5 of the Dungeon.
             The game lasted 00:01:00 (1288 turns).

EnegeticOcto the Chopper (Deep Dwarf Fighter)       Turns: 1288, Time: 00:01:00

Health: -2/57      AC: -4    Str: 21    XL:     6   Next: 40%
Magic:  2/2        EV:  7    Int:  9    God:
Gold:   82         SH: 10    Dex: 12    Spells: 5/5 levels left

rFire    . . .     SeeInvis .   a - +0 war axe
rCold    . . .     Faith    .   c - +0 kite shield
rNeg     . . .     Spirit   .   b - +0 scale mail
rPois    .         Reflect  .   (no helmet)
rElec    .         Harm     .   (no cloak)
rCorr    .                      (no gloves)
MR       .....                  (no boots)
Stlth    ..........             (no amulet)
HPRegen  0.00/turn              (no ring)
MPRegen  0.08/turn              (no ring)

@: corroded, non-regenerating
A: damage resistance, heal wounds, sense surroundings 1, no regeneration
a: Heal Wounds


You were on level 5 of the Dungeon.
You visited 1 branch of the dungeon, and saw 5 of its levels.

You collected 82 gold pieces.

Inventory:

Hand Weapons
 a - a +0 war axe (weapon)
Armour
 b - a +0 scale mail (worn)
 c - a +0 kite shield (worn)
Wands
 n - a wand of disintegration (13)
 o - a wand of acid (11) {@v1}
Scrolls
 g - a scroll of identify {@r1}
Potions
 d - a potion of might {@q3}
 e - a potion of curing {@q1}
 i - a potion of heal wounds {@q2}
 j - 2 potions of flight
 k - a potion of magic {unknown}


   Skills:
 + Level 3.7 Fighting
 * Level 5.0 Axes
 + Level 4.6 Armour
 + Level 4.5 Shields


You had 5 spell levels left.
You didn't know any spells.
Your spell library contained the following spells:

 Spells                   Type           Power        Failure   Level
 Confusing Touch          Hex            #.......     100%        3
 Gell's Gravitas          Tloc           #.........   100%        3
 Petrify                  Tmut/Erth      #.......     100%        4
 Metabolic Englaciation   Hex/Ice        #.........   100%        5
 Yara's Violent Unravell  Hex/Tmut       #.........   100%        5


Dungeon Overview and Level Annotations

Branches:
Dungeon (5/15)
 Temple: D:4-7

Altars:
Nemelex Xobeh
Sif Muna

Shops:
D:4 [

Annotations:
D:5 Ijyb


Innate Abilities, Weirdness & Mutations

You are resistant to damage.
You can heal yourself by infusing magical energy.
You passively map a small area around you.
You do not regenerate.


Message History

It was a scroll of remove curse.
There is a stone staircase leading down here.
You see here a quokka corpse.
Ijyb the Twisted Goblin comes into view.
She is wielding a +0 club, wearing a +1 scale mail of poison resistance and carrying a wand of acid (9).
Ijyb shouts!
Drop what? 12/52 slots (_ for help) (? for menu, Esc to quit)
You remove your -4 ring of protection.
You drop a -4 ring of protection.
Ijyb closely misses you.
You hit Ijyb.
Ijyb is lightly wounded.
Ijyb hits you but does no damage.
You slash Ijyb!
Ijyb is heavily wounded.
Ijyb zaps a wand.
The bolt of acid hits you but does no damage.
You are splashed with acid!
You are too injured to fight recklessly!
You are too injured to fight recklessly!
You are too injured to fight recklessly!
You are too injured to fight recklessly!
You are too injured to fight recklessly!
You are too injured to fight recklessly!
You are too injured to fight recklessly!
You are too injured to fight recklessly!
You are too injured to fight recklessly!
You are too injured to fight recklessly!
You are too injured to fight recklessly!
You are too injured to fight recklessly!
You are too injured to fight recklessly!
You feel much better.
Ijyb zaps a wand.
The bolt of acid hits you!! The acid corrodes you!
You are splashed with acid!
You feel much better. Ijyb hits you with a +0 club.
You hit Ijyb but do no damage.
Ijyb is heavily wounded.
You block Ijyb's attack.
You closely miss Ijyb.
Ijyb is heavily wounded.
Ijyb zaps a wand.
The bolt of acid hits you! The acid corrodes you!
You are splashed with acid!
Ijyb hits you with a +0 club.
You hit Ijyb.
Ijyb is severely wounded.
Ijyb drinks a potion.
Ijyb is healed!
You closely miss Ijyb.
Ijyb is moderately wounded.
Ijyb hits you with a +0 club.
You hit Ijyb but do no damage.
Ijyb is moderately wounded.
Ijyb zaps a wand.
The bolt of acid hits you!
* * * LOW HITPOINT WARNING * * *
The acid corrodes you!
You are splashed with acid!
* * * LOW HITPOINT WARNING * * *
You block Ijyb's attack.
You are too injured to fight recklessly!
You are too injured to fight recklessly!
You are too injured to fight recklessly!
You are too injured to fight recklessly!
You are too injured to fight recklessly!
You are too injured to fight recklessly!
You are too injured to fight recklessly!
You are too injured to fight recklessly!
You are too injured to fight recklessly!
You are too injured to fight recklessly!
You are too injured to fight recklessly!
You are too injured to fight recklessly!
Your magical essence is drained by the effort!
You feel much better. Ijyb hits you with a +0 club.
You feel much better.
Your health is already full.
You slash Ijyb!
Ijyb is almost dead.
Ijyb closely misses you. Ijyb hits you with a +0 club.
You hit Ijyb but do no damage.
Ijyb is almost dead.
Ijyb zaps a wand.
The bolt of acid hits you!!
You are splashed with acid!
You hit Ijyb but do no damage.
Ijyb is almost dead.
Ijyb zaps a wand.
The bolt of acid hits you! The acid corrodes you!
You are splashed with acid!
* * * LOW HITPOINT WARNING * * *
You are too injured to fight recklessly!
You are too injured to fight recklessly!
You are too injured to fight recklessly!
You are too injured to fight recklessly!
You are too injured to fight recklessly!
You are too injured to fight recklessly!
You are too injured to fight recklessly!
You are too injured to fight recklessly!
You are too injured to fight recklessly!
You are too injured to fight recklessly!
You are too injured to fight recklessly!
You are too injured to fight recklessly!
You feel much better. You block Ijyb's attack.
You fail to use your ability.
You block Ijyb's attack.
Your shield and scale mail prevent you from hitting Ijyb.
Ijyb is almost dead.
You block Ijyb's attack.
Ijyb zaps a wand.
The bolt of acid hits you!!
* * * LOW HITPOINT WARNING * * *
You are splashed with acid!
You die...

, , #....# ,, .... ,
#....# , , ,.... #....#
,, ,...#* ###..#### **
##..### #..##.## #.....#
#.†....#
#.....#....#.†....#
#.g...#....#......#
#.@...#....#......#
#.....+....#......#
##=..##....#.....##
##...##...###....#*
#....##...###....##
#..................
#......?..(........
#######...##..........##
##....##...##..........#


You could see Ijyb.

Vanquished Creatures
  Blork the orc (D:4)
  2 scorpions
  A centaur zombie (D:4)
  A centaur skeleton (D:4)
  3 worker ants
  A hound skeleton (D:5)
  4 adders
  An ufetubus (D:5)
  A worm (D:3)
  A leopard gecko (D:4)
  An orc (D:4)
  A bat (D:3)
  6 jackals (D:4)
  A kobold (D:3)
  2 quokkas
  A frilled lizard (D:3)
  A quokka skeleton (D:4)
  2 rats
31 creatures vanquished.

Notes
Turn   | Place    | Note
-------+----------+-------------------------------------------
     0 | D:1      | EnegeticOcto the Deep Dwarf Fighter began the quest for the
                  | Orb.
     0 | D:1      | Reached XP level 1. HP: 20/20 MP: 1/1
    32 | D:2      | Found a sparkling altar of Nemelex Xobeh.
    60 | D:3      | Reached XP level 2. HP: 27/27 MP: 2/2
   332 | D:4      | Found Nyag Woo's Antique Armour Emporium.
   358 | D:4      | Reached skill level 3 in Axes
   358 | D:4      | Reached XP level 3. HP: 25/34 MP: 3/3
   394 | D:4      | Reached XP level 4. HP: 29/42 MP: 4/4
   475 | D:4      | Found a shimmering blue altar of Sif Muna.
   705 | D:4      | Reached skill level 4 in Axes
   705 | D:4      | Reached XP level 5. HP: 27/49 MP: 5/5
   994 | D:4      | Noticed Blork the orc
  1010 | D:4      | Killed Blork the orc
  1014 | D:4      | Reached XP level 6. HP: 36/56 MP: 5/5
  1139 | D:5      | Entered Level 5 of the Dungeon
  1161 | D:5      | Reached skill level 5 in Axes
  1267 | D:5      | Noticed Ijyb
  1288 | D:5      | Splashed by Ijyb's acid

Illustrated notes

Levels and vault maps discovered:
D:1:      tarquinn_simple_flora_water_a, layout_loops_ring,
          minmay_tiny_reverse_x
D:2:      layout_loops_ring, nemelex_xobeh_ov_fountains_minmay, minitemple,
          serial_forest, infiniplex_forest_end_1,
          infiniplex_forest_lined_room_2, infiniplex_forest_diagonal,
          infiniplex_forest_zigzag_2, infiniplex_forest_corner_1,
          infiniplex_forest_end_1, uniq_robin
D:3:      layout_loops_ring, marbit_many_paths,
          nicolae_gozag_cash_rules_everything_around_me
D:4:      layout_basic, lemuel_round_altar, serial_shops, kennysheep_mini_moat,
          uniq_blork_the_orc
D:5:      layout_gridville, uniq_ijyb

Skill      XL: |  1  2  3  4  5  6 |
---------------+-------------------+-----
Fighting       | 3 |  3.7
Axes           | 3 4 5 |  5.0
Armour         | 4 |  4.6
Shields        | 4 |  4.5

Action                   |  1- 3 |  4- 6 || total
-------------------------+-------+-------++-------
Melee: War axe           |    53 |    91 ||   144
 Abil: Heal Wounds       |       |    14 ||    14
  Use: Scroll            |       |     7 ||     7
Armor: Scale mail        |    25 |    30 ||    55
Dodge: Dodged            |    13 |    32 ||    45
Block: Kite shield       |    29 |    56 ||    85

Table legend: (Time is in decaauts)
 A = Elapsed time spent in this place.
 B = Non-inter-level travel time spent in this place.
 C = Inter-level travel time spent in this place.
 D = Time resting spent in this place.
 E = Time spent auto-exploring this place.
 F = Levels seen in this place.
 G = Mean time per level.
                   A        B        C        D        E       F      G
               +--------+--------+--------+--------+--------+-----+--------+
         Total |   1341 |   1276 |     65 |      0 |    972 |   5 |  268.2 |
       Dungeon |   1341 |   1276 |     65 |      0 |    972 |   5 |  268.2 |
               +--------+--------+--------+--------+--------+-----+--------+

Top non-repeatable levels by time:
     D:4: 995 daAuts
     D:5: 159 daAuts
     D:3: 128 daAuts
     D:1: 34 daAuts
     D:2: 23 daAuts
